 Dungeon Crawl Stone Soup version bcrawl-1.21 (webtiles) character file.

Game seed: 3917426894647290964

14898 MisterOstroum the Slicer (level 11, -11/89 HPs)
             Began as a Vampire Skald on Feb 14, 2020.
             Was an Elder of Ru.
             Killed from afar by an ice statue (17 damage)
             ... with a bolt of cold
             ... in an ice cave on Feb 15, 2020.
             The game lasted 00:55:48 (15621 turns).

MisterOstroum the Slicer (Vampire Skald)           Turns: 15621, Time: 00:55:49

Health: -11/89     AC:  7    Str: 17    XL:     11   Next: 94%
Magic:  23/23      EV: 14    Int: 15    God:    Ru [****..]
Gold:   731        SH:  0    Dex: 12    Spells: 1/15 levels left

rFire    . . .     SeeInvis +   a - +2 dagger (elec)
rCold    + . .     Gourm    .   (no shield)
rNeg     + + .     Faith    .   m - +0 leather armour
rPois    ∞         Spirit   .   x - +1 helmet
rElec    .         Reflect  .   g - +0 cloak
rCorr    .         Harm     .   V - +0 pair of gloves
MR       +....                  (no boots)
Stlth    ++++++....             e - amulet of magic regeneration
HPRegen  0.12/turn              J - ring of magical power
MPRegen  0.43/turn              (no ring)

@: regenerating slowly
A: claws 1, fangs 3, see invisible, unbreathing, hated by all, inexperienced 1
a: Draw Out Power, Power Leap, Renounce Religion


You were in an ice cave.
You worshipped Ru.
Ru was greatly pleased with you.
You were thirsty.

You visited 2 branches of the dungeon, and saw 12 of its levels.
You also visited: Ossuary and Ice Cave.

You collected 731 gold pieces.

Inventory:

Hand Weapons
 a - a +2 dagger of electrocution (weapon)
 b - a +1 rapier of venom
 c - a +2 hand crossbow of flaming
 k - a +0 falchion
 A - a +0 hunting sling
Missiles
 f - 1515 stones (quivered)
 n - 283 sling bullets
 u - 202 javelins
 L - a throwing net {!f!f}
 O - 148 bolts
Armour
 g - a +0 cloak (worn)
 m - a +0 leather armour (worn)
 o - a +0 scale mail
 x - a +1 helmet (worn)
 V - a +0 pair of gloves (worn)
Jewellery
 e - an amulet of magic regeneration (around neck)
 J - a ring of magical power (left hand)
 T - an uncursed amulet of rage
Wands
 l - a wand of digging (9)
 r - a wand of scattershot (7)
 y - a wand of flame (31)
 z - a wand of paralysis (7)
 K - a wand of iceblast (14)
 M - a wand of acid (8)
Scrolls
 d - 4 scrolls of fear {!r}
 h - 2 scrolls of teleportation
 i - 3 scrolls of remove curse {@r2}
 t - a scroll of magic mapping {@r5 !r}
 Q - a scroll of fog {unknown}
 R - 2 scrolls of enchant weapon {unknown}
 S - 3 scrolls of noise
 U - a scroll of acquirement {unknown}
 X - a scroll of enchant armour {unknown}
Potions
 j - 4 potions of heal wounds {@q2 !q}
 p - a potion of cancellation
 q - 23 potions of blood
 s - a potion of lignification {unknown}
 v - 5 potions of haste {@q4 !q}
 w - 2 potions of resistance
 B - a potion of flight {unknown}
 E - a potion of might {unknown}
 F - 2 potions of magic
 G - 4 potions of ambrosia
 H - 2 potions of agility
 I - a potion of mutation {unknown}
 N - a potion of berserk rage
 P - 2 potions of curing {@q1 !q}
 W - a potion of brilliance {unknown}


   Skills:
 * Level 9.0 Fighting
 - Level 11.9(12.2) Short Blades
 - Level 4.6(9.1) Long Blades
 - Level 0.8 Armour
 - Level 5.0 Dodging
 - Level 10.0 Stealth
 - Level 2.6 Spellcasting
 + Level 9.4 Hexes
 - Level 6.0 Charms
 - Level 5.0 Necromancy
 - Level 5.0 Evocations


You had one spell level left.
You knew the following spells:

 Your Spells              Type           Power        Failure   Level  Hunger
a - Infusion              Chrm           ###.....     1%          1    #......
b - Ensorcelled Hibernat  Hex/Ice        ###...       5%          2    ###....
c - Confuse               Hex            ####....     1%          3    ###....
H - Regeneration          Chrm/Necr      ###.......   8%          3    ###....
S - Song of Slaying       Chrm           ###.....     3%          2    ###....
Z - Spectral Weapon       Hex/Chrm       ####....     3%          3    ###....

Your spell library contained the following spells:

 Spells                   Type           Power        Failure   Level  Hunger
 Corona                   Hex            ####...      1%          1    #......
 Sandblast                Erth           #.....       26%         1    #......
 Tukima's Dance           Hex            ####....     1%          3    ###....
 Dazzling Spray           Conj/Hex       ###...       11%         3    ###....
 Ozocubu's Armour         Chrm/Ice       ##......     22%         3    ###....
 Passwall                 Tmut/Erth      #.......     36%         2    ###....
 Poisonous Vapours        Pois/Air       #.....       36%         2    ###....
 Conjure Flame            Conj/Fire      #.......     58%         3    ###....
 Mephitic Cloud           Conj/Pois/Air  #.......     58%         3    ###....
 Stone Arrow              Conj/Erth      #.....       58%         3    ###....
 Petrify                  Tmut/Erth      #.......     94%         4    #####..
 Lee's Rapid Deconstruct  Erth           #.........   100%        5    ######.
 Freezing Cloud           Ice/Air        #.........   100%        6    #######
 Steam Barrier            Chrm/Fire      ##........   100%        6    #######


Dungeon Overview and Level Annotations

Branches:
Dungeon (8/12)             Temple (0/1) D:7            Lair (4/6) D:8
 Spider (0/3) Lair:2          Orc (0/1) D:8
  Swamp: Lair:2-4    Shoals: Lair:2-4

Altars:
Elyvilon
Gozag
Hepliaklqana
Kikubaaqudgha
Makhleb
Ru
Trog
Uskayaw
Yredelemnul
Zin

Shops:
D:7 (

Annotations:
D:2 exclusion: ogre
D:5 exclusions: ogre and 4 more exclusions
Lair:1 exclusion: hydra
Lair:3 exclusions: blink frog and porcupine IceCv exclusion: 3 ice statues


Innate Abilities, Weirdness & Mutations

You heal slowly.
You are immune to poison.
You have sharp fingernails.
You have razor-sharp teeth.
You have supernaturally acute eyesight. (SInv)
You can survive without breathing.
You are hated by all.
You are somewhat inexperienced. (-2 XL)


Message History

An ice statue comes into view.
Marking area around an ice statue as unsafe for travelling.
The helpless white ugly thing fails to defend itself.
You bite the white ugly thing, and draw its blood!
You feel slightly less thirsty.
You skewer the white ugly thing like a kebab!!!!
You kill the white ugly thing!
The white ugly thing gurgles horribly!
The ice statue gestures at you. The bolt of cold hits you! You resist.
You see here a scale mail.
x - a runed helmet Wear which item? (? for menu, Esc to quit)
You start removing your armour.
You continue taking off your +0 helmet. x4
You finish taking off your +0 helmet.
You start putting on your armour.
You continue putting on your runed helmet. x5
You finish putting on your +1 helmet.
f - 1515 stones (gained 172) Drop what? 48/52 slots (_ for help) (? for menu, Esc to quit)
You drop a +0 helmet.
You see here a scale mail.
o - a scale mail You see here a +0 helmet.
You now have 731 gold pieces (gained 41).
Saving game... please wait.
Level annotation: exclusion: 3 ice statues Welcome back, MisterOstroum the Vampire Skald.
Ru says: Cut away your false body!
Press ? for a list of commands and other information.
Really walk into a travel-excluded area? [Y]es or [N]o only, please.
Really walk into a travel-excluded area?
The ice statue gestures.
Two of your 25 potions of blood rot away.
Unknown command.
Cast which spell? (? or * to list)
Okay, then.
The ice statue gestures at you. The shard of ice misses you.
The shard of ice hits the ice beast.
The ice beast partially resists.
Cast which spell? (? or * to list)
You draw out your weapon's spirit!
The ice statue begins to attack, but is stunned by your will!
The ice statue gestures at you.
You swap places.
You redirect the ice statue's attack!
The ice statue gestures at the ice statue.
The shard of ice hits the ice statue.
The ice statue partially resists.
You catch the helpless ice statue completely off-guard!
You impale the ice statue!!
The ice statue is severely damaged.
You hit the ice statue.
The ice statue is severely damaged.
Your spectral weapon hits the ice statue but does no damage.
The ice statue glitters chillingly in the dim dungeon light.
The ice statue gestures at your spectral weapon.
The freezing cloud engulfs your spectral weapon.
Your spectral weapon resists.
Your spectral weapon shares its damage with you!
Your spectral weapon is engulfed in freezing vapours.
Your spectral weapon shares its damage with you!
You hit the ice statue.
The ice statue is severely damaged.
You are engulfed in freezing vapours.
You resist.
Your spectral weapon hits the ice statue but does no damage.
The ice beast hits you but does no damage.
You hit the ice statue but do no damage.
You bite the ice statue, but do no damage.
The ice statue is severely damaged.
You are engulfed in freezing vapours.
You resist.
Your spectral weapon is engulfed in freezing vapours.
Your spectral weapon shares its damage with you!
Your spectral weapon hits the ice statue.
The ice statue gestures at you. The bolt of cold hits you! You resist.
The bolt of cold hits the ice beast.
The ice beast completely resists.
Your spectral weapon is engulfed in freezing vapours.
You hit the ice statue.
You bite the ice statue, but do no damage.
The ice statue is severely damaged.
You are engulfed in freezing vapours.
You resist.
Your spectral weapon is engulfed in freezing vapours.
Your spectral weapon shares its damage with you!
Your spectral weapon hits the ice statue but does no damage.
The ice beast hits your spectral weapon but does no damage.
You are engulfed in freezing vapours.
You resist.
Your spectral weapon is engulfed in freezing vapours. x2
Your spectral weapon shares its damage with you!
Your spectral weapon fades away.
The ice statue gestures at you. The bolt of cold hits you! You resist.
* * * LOW HITPOINT WARNING * * *
The ice beast completely misses you.
You are engulfed in freezing vapours.
You resist.
* * * LOW HITPOINT WARNING * * *
The ice statue gestures. x2; The ice statue gestures at you.
The bolt of cold hits the ice beast.
The ice beast completely resists.
The bolt of cold hits you! You resist.
You die...

############# ######
##....8#(.)..## ##.....
##....Y.#[.....###......
#.Y.....#.......#.......
..#.......#.......#.......
..8.....°............∩..∩.
..#...○°°@#.......#.......
#...°°○Y#.......#.......
##..○°○°#......###......
##.○°°8#.[...## ##.....
############# ######


You could see 3 ice statues and 3 ice beasts.

Vanquished Creatures
  A manticore (D:8)
  An oklob plant (Lair:2)
  An ugly thing (IceCv)
  3 elephants (Lair:4)
  5 cane toads
  A komodo dragon (Lair:1)
  A hornet (Lair:2)
  4 hippogriffs
  5 blink frogs
  A shadow (D:7)
  Eustachio (D:6)
  2 wyverns
  15 yaks
  A wraith (D:8)
  A hungry ghost (D:8)
  4 crocodiles
  A water moccasin (Lair:3)
  6 ice beasts (IceCv)
  10 porcupines
  A swamp drake (D:8)
  2 sky beasts (D:7)
  5 orc warriors
  3 ogres
  A necrophage (D:8)
  A phantom (D:8)
  2 centaurs
  A big kobold (D:8)
  8 bullfrogs
  A water moccasin zombie (Ossuary)
  4 scorpions
  3 jellies
  3 killer bees (Lair:3)
  2 howler monkeys
  4 wights (D:6)
  4 crimson imps
  2 quasits
  A bullfrog zombie (D:8)
  8 orc priests
  A bullfrog skeleton (D:5)
  6 hounds
  8 orc wizards
  7 worker ants
  3 big kobold zombies (Ossuary)
  A hound zombie (D:7)
  2 hound skeletons
  2 mummies (Ossuary)
  10 adders
  2 shadow imps
  4 adder zombies
  An adder skeleton (D:4)
  8 dart slugs
  6 worms
  6 leopard geckos
  28 orcs
  2 ball pythons
  7 giant cockroaches
  2 gnoll zombies (Ossuary)
  6 goblins
  8 hobgoblins
  13 jackals
  9 kobolds
  4 quokkas
  12 bats
  2 frilled lizards
  5 hobgoblin zombies (Ossuary)
  A jackal zombie (D:5)
  8 kobold zombies (Ossuary)
  2 orc zombies (Ossuary)
  A quokka skeleton (D:6)
  10 rats
307 creatures vanquished.

Vanquished Creatures (others)
  A gargoyle (D:7)
  20 fungi
  20 plants
  6 spectral weapons
47 creatures vanquished.

Grand Total: 354 creatures vanquished

Notes
Turn   | Place    | Note
-------+----------+-------------------------------------------
     0 | D:1      | MisterOstroum the Vampire Skald began the quest for the
                  | Orb.
     0 | D:1      | Reached XP level 1. HP: 16/16 MP: 3/3
   259 | D:1      | Reached XP level 2. HP: 15/22 MP: 5/5
   425 | D:1      | Learned a level 2 spell: Song of Slaying
  1066 | D:2      | Reached XP level 3. HP: 23/27 MP: 6/6
  1101 | D:2      | Found a faded altar of an unknown god.
  1137 | D:2      | Learned a level 3 spell: Regeneration
  1325 | D:2      | Reached skill level 1 in Short Blades
  1325 | D:2      | Reached XP level 4. HP: 27/34 MP: 7/7
  1336 | D:2      | Became a worshipper of Ru the Awakened
  1340 | D:2      | Gained mutation: You are somewhat inexperienced. (-2 XL)
                  | [Ru sacrifice]
  1340 | D:2      | Reached XP level 3. HP: 28/28 MP: 6/6
  1340 | D:2      | Reached XP level 2. HP: 23/23 MP: 5/5
  1340 | D:2      | Reached * piety under Ru
  1340 | D:2      | Reached ** piety under Ru
  1653 | D:2      | Noticed an ogre
  1702 | D:2      | Reached skill level 1 in Stealth
  1907 | D:3      | Reached XP level 3. HP: 26/28 MP: 6/6
  2032 | D:3      | Reached XP level 4. HP: 34/34 MP: 7/7
  2995 | D:4      | Reached XP level 5. HP: 41/41 MP: 8/8
  3207 | D:4      | Reached skill level 2 in Short Blades
  3209 | D:4      | Noticed a centaur
  3649 | D:4      | Gained mutation: You are hated by all. [Ru sacrifice]
  3649 | D:4      | Reached *** piety under Ru
  3649 | D:4      | Reached **** piety under Ru
  3752 | D:4      | Killed a centaur
  3752 | D:4      | Reached skill level 3 in Short Blades
  3752 | D:4      | Reached skill level 1 in Necromancy
  3752 | D:4      | Reached XP level 6. HP: 40/48 MP: 5/9
  4072 | D:5      | Entered Level 5 of the Dungeon
  4173 | D:5      | Noticed a moth of wrath
  4186 | D:5      | Learned a level 3 spell: Spectral Weapon
  4202 | D:5      | Found a sand-covered staircase.
  4206 | Ossuary  | Entered an ossuary
  4266 | Ossuary  | Reached skill level 4 in Short Blades
  4322 | Ossuary  | Reached XP level 7. HP: 49/54 MP: 10/10
  4742 | D:5      | Reached skill level 1 in Hexes
  5127 | D:5      | Found a bloodstained altar of Trog.
  5498 | D:5      | Reached skill level 5 in Short Blades
  5926 | D:6      | Noticed Eustachio
  6051 | D:6      | Reached skill level 5 in Stealth
  6051 | D:6      | Reached XP level 8. HP: 61/61 MP: 2/11
  6104 | D:6      | Reached skill level 5 in Charms
  6163 | D:6      | Reached skill level 1 in Evocations
  6454 | D:6      | Noticed a two-headed ogre
  6485 | D:6      | Found a basalt altar of Yredelemnul.
  6486 | D:6      | Found a bloodstained altar of Trog.
  6553 | D:7      | Found Plog's Antique Weapon Boutique.
  6856 | D:6      | Reached skill level 5 in Fighting
  7241 | D:6      | Reached skill level 6 in Short Blades
  7557 | D:6      | Killed Eustachio
  7706 | D:7      | Reached XP level 9. HP: 60/68 MP: 12/12
  7722 | D:7      | Noticed a gargoyle
  7738 | D:7      | Killed a gargoyle
  7791 | D:7      | Found a staircase to the Ecumenical Temple.
  8224 | D:7      | Reached skill level 5 in Evocations
  8232 | D:7      | Reached skill level 7 in Short Blades
  8240 | D:7      | Found a glowing silver altar of Zin.
  8244 | D:7      | Found a burning altar of Makhleb.
  8244 | D:7      | Found an ancient bone altar of Kikubaaqudgha.
  8257 | D:7      | Found a hide-covered altar of Uskayaw.
  8261 | D:7      | Found a white marble altar of Elyvilon.
  8701 | D:7      | Found Plog's Antique Weapon Boutique.
  8755 | D:7      | Found a staircase to the Ecumenical Temple.
  9140 | D:7      | Found a glowing silver altar of Zin.
  9144 | D:7      | Found a burning altar of Makhleb.
  9144 | D:7      | Found an ancient bone altar of Kikubaaqudgha.
  9157 | D:7      | Found a hide-covered altar of Uskayaw.
  9161 | D:7      | Found a white marble altar of Elyvilon.
  9667 | D:8      | Found a hazy altar of Hepliaklqana.
 10256 | D:8      | Reached skill level 5 in Hexes
 10416 | D:8      | Reached skill level 8 in Short Blades
 10420 | D:8      | Reached XP level 10. HP: 65/75 MP: 9/13
 10539 | D:8      | Found a staircase to the Lair.
 10779 | D:8      | Reached skill level 5 in Dodging
 10841 | D:8      | Found a staircase to the Orcish Mines.
 11702 | D:8      | Noticed a manticore
 11729 | D:8      | Reached skill level 5 in Necromancy
 11783 | D:8      | Killed a manticore
 11783 | D:8      | Reached skill level 9 in Short Blades
 12349 | Lair:1   | Entered Level 1 of the Lair of Beasts
 12354 | Lair:1   | Learned a level 3 spell: Confuse
 12484 | Lair:1   | Noticed a six-headed hydra
 12682 | Lair:1   | Learned a level 2 spell: Ensorcelled Hibernation
 12789 | Lair:1   | Reached skill level 10 in Short Blades
 12789 | Lair:1   | Reached XP level 11. HP: 23/84 MP: 14/14
 13534 | Lair:2   | Found an opulent altar of Gozag.
 13534 | Lair:2   | Noticed an oklob plant
 13540 | Lair:2   | Killed an oklob plant
 13748 | Lair:2   | Found a hole to the Spider Nest.
 14778 | Lair:3   | Reached skill level 11 in Short Blades
 15310 | Lair:4   | Reached skill level 10 in Stealth
 15413 | Lair:4   | Found a frozen archway.
 15424 | IceCv    | Entered an ice cave
 15571 | IceCv    | Noticed a white ugly thing
 15575 | IceCv    | Noticed a white ugly thing
 15577 | IceCv    | Killed a white ugly thing
 15621 | IceCv    | Killed from afar by an ice statue

Skill      XL: |  1  2  3  4  5  6  7  8  9 10 11 |
---------------+----------------------------------+-----
Fighting       | 2 3 4 5 7 9 |  9.0
Long Blades    | 3 4 |  4.6
Charms         | 4 5 6 |  6.0
Short Blades   | 1 3 4 5 6 8 10 11 | 11.9
Stealth        | 1 3 5 6 8 10 | 10.0
Necromancy     | 1 2 4 5 |  5.0
Hexes          | 2 4 5 7 9 |  9.4
Evocations     | 3 5 |  5.0
Dodging        | 4 5 |  5.0
Armour         | |  0.8
Spellcasting   | |  2.6

Action                   |  1- 3 |  4- 6 |  7- 9 | 10-12 || total
-------------------------+-------+-------+-------+-------++-------
Melee: Falchion          |    90 |       |       |       ||    90
       Bite              |    11 |     8 |    39 |    46 ||   104
       Dagger            |    75 |    95 |   218 |   149 ||   537
       Rapier            |       |       |   120 |   225 ||   345
 Fire: Hand crossbow     |       |       |     3 |       ||     3
Throw: Stone             |     5 |    11 |     9 |     8 ||    33
 Cast: Infusion          |     4 |     6 |    13 |     7 ||    30
       Song of Slaying   |     1 |       |       |     1 ||     2
       Spectral Weapon   |       |     2 |    19 |    24 ||    45
       Regeneration      |       |       |     4 |    15 ||    19
       Confuse           |       |       |       |     9 ||     9
       Ensorcelled Hiber |       |       |       |     7 ||     7
Invok: Sacrifice Experie |     1 |       |       |       ||     1
       Sacrifice Love    |       |     1 |       |       ||     1
       Reject Sacrifices |       |       |     1 |     1 ||     2
       Power Leap        |       |       |     2 |     2 ||     4
       Draw Out Power    |       |       |       |     1 ||     1
Evoke: Wand              |       |       |       |     1 ||     1
  Use: Potion            |     3 |     9 |    13 |    19 ||    44
       Scroll            |       |     2 |     1 |    12 ||    15
 Stab: Sleeping          |     6 |    11 |    15 |    20 ||    52
       Invisible         |       |       |     4 |     2 ||     6
       Distracted        |       |       |     1 |     8 ||     9
       Paralysed         |       |       |       |     2 ||     2
       Confused          |       |       |       |     1 ||     1
Armor: Leather armour    |    36 |    20 |    35 |    33 ||   124
Dodge: Dodged            |   104 |    50 |   132 |   132 ||   418
Block: Other             |     1 |       |       |       ||     1
